 Dungeon Crawl Stone Soup version 0.28.0 (webtiles) character file.

Game seed: 18273408406003285712

247 Deca the Skirmisher (level 5, -2/47 HPs)
             Began as a Draconian Berserker on Feb 13, 2022.
             Was a Believer of Trog.
             Slain by an orc priest (4 damage)
             ... on level 4 of the Dungeon.
             The game lasted 00:08:18 (3507 turns).

Deca the Skirmisher (Draconian Berserker)           Turns: 3507, Time: 00:08:19

Health: -2/47      AC:  6    Str: 20    XL:     5   Next: 85%
Magic:  5/5        EV: 13    Int:  7    God:    Trog [**....]
Gold:   126        SH:  0    Dex: 12    Spells: 4/4 levels left

rFire   . . .      SeeInvis .   a - +0 short sword
rCold   . . .      Faith    .   (no shield)
rNeg    . . .      Spirit   .   (armour unavailable)
rPois   .          Reflect  .   (helmet restricted)
rElec   .          Harm     .   d - +0 cloak
rCorr   .          Rampage  .   (no gloves)
Will    .....                   (no boots)
Stlth   +.........              (no amulet)
HPRegen 0.15/turn               (no ring)
MPRegen 0.09/turn               (no ring)

@: no status effects
A: AC +5, unfitting armour, cold-blooded
a: Renounce Religion, Berserk, Trog's Hand


You were on level 4 of the Dungeon.
You worshipped Trog.
Trog was pleased with you.
You visited 1 branch of the dungeon, and saw 4 of its levels.

You collected 126 gold pieces.

Inventory:

Hand Weapons
 a - a +0 short sword (weapon)
Armour
 d - a +0 cloak (worn)
Jewellery
 c - a ring of fire
Scrolls
 e - a scroll of identify {unknown}
 g - a scroll of teleportation {unknown}
 i - a scroll of vulnerability {unknown}
Potions
 b - a potion of flight {unknown}
 f - a potion of heal wounds {unknown}
 h - a potion of brilliance {unknown}


   Skills:
 + Level 4.6 Fighting
 + Level 4.1(4.5) Short Blades
 + Level 2.6(3.8) Long Blades
 + Level 3.8 Dodging


You had 4 spell levels left.
You didn't know any spells.
Your spell library was empty.

Dungeon Overview and Level Annotations

Branches:
Dungeon (4/15)
 Temple: D:4-7

Altars:
Uskayaw


Innate Abilities, Weirdness & Mutations

Your plain brown scales are hard. (AC +5)
You cannot fit into any form of body armour.
You are cold-blooded and may be slowed by cold attacks.


Message History

The orc priest invokes the aid of Beogh against you.
Pain shoots through your body!
You hit the orc.
You kill the orc!
Trog accepts your kill. The orc hits you but does no damage.
The orc priest hits you with a +2 vorpal falchion.
* * * LOW HITPOINT WARNING * * *
You hit the orc but do no damage.
Your tail-slap misses the orc.
The orc priest hits you but does no damage.
There is an open door, spattered with blood here.
You are too injured to fight recklessly!
You are too injured to fight recklessly!
You are too injured to fight recklessly!
You hit the orc priest but do no damage.
You tail-slap the orc priest, but do no damage.
The orc hits you with a +0 short sword.
* * * LOW HITPOINT WARNING * * *
The orc priest hits you with a +2 vorpal falchion.
* * * LOW HITPOINT WARNING * * *
x2 You barely miss the orc priest.
You tail-slap the orc priest.
The orc priest is moderately wounded.
The orc priest barely misses you. The orc barely misses you.
You hit the orc priest.
The orc priest is heavily wounded.
The orc priest hits you with a +2 vorpal falchion.
* * * LOW HITPOINT WARNING * * *
x2 The orc hits you with a +0 short sword.
* * * LOW HITPOINT WARNING * * *
You hit the orc priest but do no damage.
The orc priest is heavily wounded.
The orc priest calls down the wrath of Beogh upon you.
You barely resist. The orc hits you but does no damage.
You hit the orc priest.
The orc priest is heavily wounded.
The orc priest closely misses you. The orc misses you.
You hit the orc priest.
The orc priest is severely wounded.
The orc priest hits you with a +2 vorpal falchion.
You die...

#.....#.........#....#
#.....#.........'....#
#.....#.........#....#
#.....#.........#....#
#.##..#.........#....#
###.......#....#
#.......#....#
#......o#....#
#.......@o...#
#.......#)...#
....#######....+
....#.....$....# ...
#..........# ..
#..........#
#######...... #.......
+........


You could see an orc priest and an orc.

Vanquished Creatures
  An ice beast (D:3)
  Crazy Yiuf (D:2)
  An orc wizard (D:4)
  Natasha (D:2)
  2 adders (D:2)
  2 worms (D:2)
  7 orcs
  2 ball pythons
  5 bats
  6 endoplasms
  3 giant cockroaches
  4 goblins (D:2)
  4 hobgoblins
  4 jackals (D:3)
  3 kobolds
  3 frilled lizards
  5 rats
54 creatures vanquished.

Notes
Turn   | Place    | Note
-------+----------+-------------------------------------------
     0 | D:1      | Deca the Draconian Berserker began the quest for the Orb.
     0 | D:1      | Reached XP level 1. HP: 19/19 MP: 1/1
   430 | D:1      | Reached XP level 2. HP: 26/26 MP: 2/2
  1022 | D:2      | Reached skill level 1 in Long Blades
  1204 | D:2      | Reached XP level 3. HP: 24/33 MP: 3/3
  1859 | D:2      | Noticed Natasha
  1870 | D:2      | Killed Natasha
  1979 | D:2      | Reached XP level 4. HP: 40/40 MP: 4/4
  2259 | D:2      | Found a runed translucent door.
  2260 | D:2      | Noticed Crazy Yiuf
  2287 | D:2      | Killed Crazy Yiuf
  2638 | D:3      | Noticed an ice beast
  2647 | D:3      | Killed an ice beast
  2648 | D:3      | Reached XP level 5. HP: 47/47 MP: 5/5
  2680 | D:3      | Reached ** piety under Trog
  2727 | D:3      | Found a hide-covered altar of Uskayaw.
  3504 | D:4      | HP: 1/47 [orc (5)]
  3507 | D:4      | Slain by an orc priest

Illustrated notes

Levels and vault maps discovered:
D:1:      tarquinn_simple_flora_water_c, layout_basic
D:2:      layout_basic, uniq_crazy_yiuf_cottage, uniq_natasha
D:3:      layout_basic, mainiacjoe_overflow_small_starburst,
          hangedman_feature_mirror, grunt_ministairs_1,
          chequers_serial_rivers_micro_a, chequers_jeans
D:4:      layout_gridville, nemelex_dance_club_becter

Skill      XL: |  1  2  3  4 |
---------------+-------------+-----
Long Blades    | 1 2 |  2.6
Dodging        | 3 |  3.8
Fighting       | 4 |  4.6
Short Blades   | 4 |  4.1

Action                   |  1- 3 |  4- 6 || total
-------------------------+-------+-------++-------
Melee: Short sword       |    78 |   130 ||   208
       Tailslap          |    11 |    10 ||    21
       Punch             |       |     2 ||     2
 Stab: Sleeping          |       |     4 ||     4
Armor: Skin              |    25 |    50 ||    75
Dodge: Dodged            |    43 |    93 ||   136
